Map: Data-C

Players

Kazaaak - Winner!

  • Race: Zerg Zerg
  • League: Gold
  • Spawn Location: 3:00

Soup

  • Race: Zerg Zerg
  • League: Gold
  • Spawn Location: 9:00

VOD

Have the link to the VOD?

Description

Time

  • Played on: Dec. 16, 2022, 10:58 p.m.
  • Length: 5:48
Show
View Real Time Build Order
Export as new Build Order

Kazaaak Zerg - Winner!

Build Orders: Hatch First 

Get SALT Encoding   

  12  0:00  Drone  
  13  0:13  Overlord  
  13  0:17  Drone  
  14  0:31  Drone x2  
  14  0:35  Drone  
  17  0:55  Hatchery  
  16  0:58  Drone  
  17  1:06  Extractor  
  16  1:15  Spawning Pool  
  16  1:17  Drone  
  16  1:20  Drone  
  16  1:24  Drone  
  18  1:30  Drone  
  19  1:43  Overlord  
  19  2:03  Zergling x4  
  19  2:06  Metabolic Boost  
  19  2:07  Queen  
  23  2:14  Queen  
  25  2:18  Zergling x2  
  25  2:22  Zergling x2  
  27  2:25  Zergling x2  
  28  2:37  Evolution Chamber  
  28  2:41  Evolution Chamber  
  28  2:43  Drone  
  27  2:44  Extractor  
  27  2:45  Drone  
  27  2:59  Zergling x6  
  30  3:08  Drone x2  
  30  3:09  Drone  
  33  3:18  Zerg Melee Weapons Level 1  
  33  3:28  Zerg Ground Armor Level 1  
  33  3:34  Drone  
  34  3:36  Drone  
  35  3:42  Overlord  
  35  3:48  Zergling x2  
  36  4:01  Zergling x10  
  41  4:04  Zergling x2  
  41  4:07  Zergling x2  
  43  4:14  Zergling x2  
  43  4:15  Overlord  
  44  4:33  Overlord  
  44  4:38  Zergling x2  
  44  4:39  Zergling x6  
  45  5:04  Zergling x2  
  45  5:05  Zergling x10  
  47  5:14  Zergling x2  
  47  5:17  Zergling x2  
  49  5:21  Zergling x2  
Show
View Real Time Build Order
Export as new Build Order

Soup Zerg 

Build Orders: Pool First 

Get SALT Encoding   

  12  0:00  Drone  
  13  0:09  Drone  
  14  0:16  Overlord  
  14  0:35  Drone x2  
  16  0:44  Spawning Pool  
  16  0:45  Drone  
  16  0:48  Drone  
  17  1:12  Hatchery  
  17  1:18  Drone x2  
  17  1:22  Extractor  
  17  1:30  Queen  
  17  1:32  Drone  
  20  1:34  Drone  
  21  1:49  Roach Warren, Drone  
  21  1:55  Overlord  
  21  2:02  Zergling x2  
  22  2:16  Queen  
  24  2:23  Drone  
  24  2:24  Drone x2  
  27  2:35  Drone x2  
  29  2:44  Drone  
  29  2:45  Queen  
  29  2:46  Drone  
  29  2:47  Drone  
  29  2:49  Drone  
  35  2:56  Extractor  
  33  3:04  Roach  
  35  3:28  Evolution Chamber, Roach  
  35  3:29  Evolution Chamber  
  35  3:30  Overlord x4  
  35  3:44  Lair  
  35  3:46  Overlord  
  35  3:50  Roach x2  
  35  3:53  Roach  
  41  4:12  Drone  
  41  4:13  Extractor x2  
  41  4:15  Drone  
  41  4:17  Drone  
  42  4:41  Hydralisk Den  
  41  4:48  Drone x4  
  41  4:49  Drone x5  
  50  4:58  Roach x2  
  50  5:02  Roach  
  41  5:10  Roach x2  
  37  5:14  Roach  
  37  5:18  Roach  
  37  5:31  Drone x2  
Tags
 
League
GoldGold
Matchup
ZvZ
Race
Zerg
Spawn Locations
Cross Positions
Add a new tag
Caveats
  • Supply blocks, unpowered buildings, or Contaminate may cause inaccurate times.
  • Supply counts are checked every 10 seconds.